 Dungeon Crawl Stone Soup version 0.30.1-3-gfc49f6343a (webtiles) character file.

Game seed: 2421995704555992960

77 Pepete the Jinx (level 4, -2/38 HPs)
             Began as a Gnoll Wanderer on July 28, 2023.
             Slain by an orc
             ... wielding a +0 whip of venom
              (5 damage)
             ... on level 4 of the Dungeon.
             The game lasted 00:06:27 (3867 turns).

Pepete the Jinx (Gnoll Wanderer)                    Turns: 3867, Time: 00:06:27

Health: -2/38      AC:  2    Str: 11    XL:     4   Next: 33%
Magic:  8/8        EV: 11    Int: 14    God:
Gold:   80         SH:  0    Dex: 11    Spells: 9/9 levels left

rFire   . . .        a - +0 dagger
rCold   . . .        (no shield)
rNeg    . . .        c - +0 robe
rPois   .            (no helmet)
rElec   .            (no cloak)
rCorr   .            (no gloves)
SInv    .            (no boots)
Will    .....        (no amulet)
Stlth   ++           (no ring)
HPRegen 0.26/turn    (no ring)
MPRegen 0.11/turn

%: no passive effects
@: lethally poisoned (-2 -> -6)
A: fangs 1, strong nose, distributed training
a: no special abilities


You were on level 4 of the Dungeon.
You visited 1 branch of the dungeon, and saw 4 of its levels.

You collected 80 gold pieces.

Inventory:

Hand Weapons
 a - a +0 dagger (weapon)
Armour
 c - a +0 robe (worn)
 q - a +0 kite shield
Jewellery
 n - a +6 ring of dexterity
 r - an amulet of reflection
Wands
 s - a wand of roots (9)
Scrolls
 b - a scroll of fog
 i - a scroll of acquirement {unknown}
 m - a scroll of enchant weapon {unknown}
 o - a scroll of identify {unknown}
 p - a scroll of blinking {unknown}
Potions
 d - a potion of curing
 e - a potion of invisibility {unknown}
 f - a potion of haste {unknown}
 g - a potion of cancellation {unknown}
 h - a potion of attraction {unknown}
 j - a potion of might {unknown}
 k - 2 potions of brilliance {unknown}
 l - a potion of mutation {unknown}


   Skills:
 + Level 4.6 Fighting
 + Level 1.1 Short Blades
 + Level 1.1 Long Blades
 + Level 1.1 Axes
 + Level 1.1 Maces & Flails
 + Level 1.1 Polearms
 + Level 1.1 Staves
 + Level 1.1 Ranged Weapons
 + Level 1.1 Throwing
 + Level 1.1 Armour
 + Level 1.1 Dodging
 + Level 2.5 Stealth
 + Level 1.1 Shields
 + Level 1.1 Unarmed Combat
 + Level 3.0 Spellcasting
 + Level 0.9 Conjurations
 + Level 8.8 Hexes
 + Level 0.9 Summonings
 + Level 0.9 Necromancy
 + Level 0.9 Translocations
 + Level 2.2 Transmutations
 + Level 0.9 Fire Magic
 + Level 0.9 Ice Magic
 + Level 0.9 Air Magic
 + Level 0.9 Earth Magic
 + Level 0.9 Poison Magic
 + Level 1.2 Invocations
 + Level 1.1 Evocations


You had 9 spell levels left.
You didn't know any spells.
Your spell library contained the following spells:

 Spells                   Type           Power      Damage    Failure   Level
 Slow                     Hex            100%       N/A       1%          1
 Cause Fear               Hex            13%        N/A       6%          4
 Sting                    Tmut/Pois      24%        1d4       11%         1
 Anguish                  Hex/Necr       7%         N/A       28%         4
 Ignite Poison            Fire/Tmut/Pois 5%         N/A       36%         3


Dungeon Overview and Level Annotations

Branches:
Dungeon (3/15)

Altars:
Qazlal


Innate Abilities, Weirdness & Mutations

You have very sharp teeth.
Your uncanny sense of smell can sniff out nearby items.
Your experience applies equally to all skills.


Message History

The orc misses you.
You feel better.
The orc hits you with a +0 whip of venom.
You hit the orc but do no damage. Your bite misses the orc.
The orc is lightly wounded.
The orc completely misses you.
You hit the orc. You bite the orc, but do no damage.
The orc is moderately wounded.
The orc hits you with a +0 whip of venom.
* * * LOW HITPOINT WARNING * * *
You are lethally poisoned!
You hit the orc but do no damage.
The orc is moderately wounded.
* * * LOW HITPOINT WARNING * * *
You feel very sick. The orc misses you.
You barely miss the orc.
The orc is moderately wounded.
* * * LOW HITPOINT WARNING * * *
You feel sick.
The orc hits you with a +0 whip of venom.
* * * LOW HITPOINT WARNING * * *
You are more poisoned.
You feel better. The orc misses you.
You barely miss the orc.
The orc is moderately wounded.
The orc hits you with a +0 whip of venom.
* * * LOW HITPOINT WARNING * * *
You are poisoned.
You hit the orc.
The orc is heavily wounded.
You feel sick.
The orc hits you with a +0 whip of venom.
* * * LOW HITPOINT WARNING * * *
You closely miss the orc.
The orc is heavily wounded.
* * * LOW HITPOINT WARNING * * *
You feel sick.
The orc hits you with a +0 whip of venom.
You die...

#......# #......#
#......# #......#
#......# #......#
#. #......# #..∆
#@.....### #...
#)o.......
#...#####........
+.......+...!....
........#........
........#........
≈≈§§....'........
#≈≈#≈§..#........
≈§§#....#########


You could see an orc.

Vanquished Creatures
  2 adders
  A worm (D:3)
  A dart slug (D:3)
  7 ball pythons
  6 bats
  2 endoplasms
  6 giant cockroaches
  4 goblins
  6 hobgoblins
  3 kobolds
  2 quokkas
  3 frilled lizards
  4 rats
47 creatures vanquished.

Notes
Turn   | Place    | Note
-------+----------+-------------------------------------------
     0 | D:1      | Pepete the Gnoll Wanderer began the quest for the Orb.
     0 | D:1      | Pepete set off with the following items: a +0 dagger, a
                  | scroll of fog, a +0 robe, a potion of curing; and the
                  | following spells available to memorise: Slow, Cause Fear,
                  | Sting, Anguish, Ignite Poison.
     0 | D:1      | Reached XP level 1. HP: 20/20 MP: 4/4
   282 | D:1      | Reached XP level 2. HP: 20/26 MP: 5/5
  1113 | D:1      | Reached XP level 3. HP: 31/31 MP: 7/7
  2178 | D:2      | Reached skill level 1 in Invocations
  2294 | D:2      | Reached skill level 1 in Short Blades
  2294 | D:2      | Reached skill level 1 in Long Blades
  2294 | D:2      | Reached skill level 1 in Axes
  2294 | D:2      | Reached skill level 1 in Maces & Flails
  2294 | D:2      | Reached skill level 1 in Polearms
  2294 | D:2      | Reached skill level 1 in Staves
  2294 | D:2      | Reached skill level 1 in Ranged Weapons
  2294 | D:2      | Reached skill level 1 in Throwing
  2294 | D:2      | Reached skill level 1 in Armour
  2294 | D:2      | Reached skill level 1 in Dodging
  2294 | D:2      | Reached skill level 1 in Shields
  2294 | D:2      | Reached skill level 1 in Unarmed Combat
  2294 | D:2      | Reached skill level 1 in Evocations
  3134 | D:3      | Reached XP level 4. HP: 21/38 MP: 8/8
  3815 | D:3      | You fall into a shaft and drop 1 floor!
  3833 | D:4      | Found a stormy altar of Qazlal.
  3867 | D:4      | Slain by an orc

Illustrated notes

Levels and vault maps discovered:
D:1:      roderic_octagonal_star, layout_basic
D:2:      layout_loops_ring, minmay_misc_feat_ornament
D:3:      layout_basic, st_stairs_7
D:4:      layout_basic, nicolae_qazlal_general_emergency,
          minmay_temple_entry_statues_fountains, gammafunk_ghost_split,
          kennysheep_generic_room_5, uniq_crazy_yiuf_cottage

Skill      XL: |  1  2  3 |
---------------+----------+-----
Transmutations | 2 |  2.2
Invocations    | 1 |  1.2
Short Blades   | 1 |  1.1
Long Blades    | 1 |  1.1
Axes           | 1 |  1.1
Maces & Flails | 1 |  1.1
Polearms       | 1 |  1.1
Staves         | 1 |  1.1
Ranged Weapons | 1 |  1.1
Throwing       | 1 |  1.1
Armour         | 1 |  1.1
Dodging        | 1 |  1.1
Shields        | 1 |  1.1
Unarmed Combat | 1 |  1.1
Evocations     | 1 |  1.1
Spellcasting   | 3 |  3.0
Fighting       | |  4.6
Stealth        | |  2.5
Conjurations   | |  0.9
Hexes          | |  8.8
Summonings     | |  0.9
Necromancy     | |  0.9
Translocations | |  0.9
Fire Magic     | |  0.9
Ice Magic      | |  0.9
Air Magic      | |  0.9
Earth Magic    | |  0.9
Poison Magic   | |  0.9

Action                     |  1- 3 |  4- 6 || total
---------------------------+-------+-------++-------
  Melee: Dagger            |   171 |    70 ||   241
         Bite              |    13 |    11 ||    24
         Punch             |     2 |     3 ||     5
    Use: Scroll            |     1 |       ||     1
         Potion            |       |     4 ||     4
   Stab: Sleeping          |     7 |       ||     7
 Armour: Robe              |    30 |     7 ||    37
  Dodge: Dodged            |   117 |    41 ||   158
